 Dungeon Sprint DCSS version 0.22-a0-480-g991dd4b (webtiles) character file.

5802 emperorscorpion the Black Belt (level 10, -2/101 HPs)
             Began as a Grey Draconian Transmuter on June 16, 2018.
             Was a High Priest of Sif Muna.
             Slain by an ettin
             ... wielding a cursed -2 dire flail
              (30 damage)
             ... in the Dungeon (Sprint IX: "|||||||||||||||||||||||||||||").
             The game lasted 00:04:44 (988 turns).

emperorscorpion the Black Belt (DrTm)                Turns: 988, Time: 00:04:45

Health: -2/101     AC:  7    Str: 12    XL:     10   Next: 50%
Magic:  18/23      EV: 16    Int: 16    God:    Sif Muna [*****.]
Gold:   13         SH:  0    Dex: 16    Spells: 6/27 levels left

rFire    . . .     SeeInvis .     - Unarmed
rCold    . . .     Gourm    .   (shield currently unavailable)
rNeg     . . .     Faith    .   (armour unavailable)
rPois    +         Spirit   .   (helmet currently unavailable)
rElec    .         Reflect  .   (cloak currently unavailable)
rCorr    .         Harm     .   (gloves currently unavailable)
MR       .....     NoTele   +   (boots currently unavailable)
Stlth    ++........             (no amulet)
HPRegen  0.26/turn              o - +2 ring of evasion
MPRegen  0.18/turn              p - +3 ring of intelligence

@: hydra-form
A: very large, (walk through water), unfitting armour, AC +12
a: End Transformation, Divine Energy, Channel Magic, Forget Spell, Renounce
Religion


You were in the Dungeon.
You worshipped Sif Muna.
Sif Muna was extremely pleased with you.
You were not hungry.
You were a four-headed hydra.
You visited 1 branch You collected 13 gold pieces.

Inventory:

Hand Weapons
 s - the +8 mithril axe "Arga" {speed, MR+}
   (You found it in the Dungeon)

   Attacks with this weapon are significantly faster.
   It affects your resistance to hostile enchantments.
Missiles
 a - 12 arrows
Armour
 n - a +0 pair of gloves (melded)
 w - a +0 cloak (melded)
 x - a +0 pair of boots (melded)
Magical Staves
 m - an uncursed staff of energy (melded)
Jewellery
 o - a +2 ring of evasion (left foreclaw)
 p - a +3 ring of intelligence (right foreclaw)
Wands
 l - a wand of acid (9)
Scrolls
 i - 2 scrolls of blinking
 j - 4 scrolls of remove curse
 k - 2 scrolls of amnesia
 t - 2 scrolls of enchant armour
 u - 3 scrolls of fog
 v - a scroll of enchant weapon
Potions
 d - 6 potions of curing
 e - 4 potions of heal wounds
 f - 2 potions of haste
 g - 4 potions of magic
 h - a potion of invisibility
 q - 3 potions of might
 r - a potion of brilliance
Comestibles
 b - 3 chunks of flesh
 c - 11 rations


   Skills:
 + Level 4.1 Fighting
 + Level 9.5 Dodging
 + Level 2.2 Stealth
 + Level 17.0 Unarmed Combat
 + Level 9.4 Spellcasting
 + Level 9.6 Transmutations
 + Level 2.4 Ice Magic
 + Level 3.8 Poison Magic


You had 6 spell levels left.
You knew the following spells:

 Your Spells              Type           Power        Failure   Level  Hunger
a - Beastly Appendage     Tmut           #####.       1%          1    None
b - Sticks to Snakes      Tmut           #####...     1%          2    None
c - Spider Form           Tmut/Pois      ####......   1%          3    None
d - Ice Form              Ice/Tmut       ####....     9%          4    ###....
e - Blade Hands           Tmut           #####.....   4%          5    #####..
f - Hydra Form            Tmut           #####.....   28%         6    ######.

Your spell library contained the following spells:

 Spells                   Type           Power        Failure   Level  Hunger
 Summon Greater Demon     Summ           #.........   100%        7    #######
 Statue Form              Tmut/Erth      ###......    90%         6    ######.
 Petrify                  Tmut/Erth      ###.....     13%         4    ###....
 Aura of Abjuration       Summ           #.........   95%         5    #####..
 Yara's Violent Unravell  Hex/Tmut       ###.......   36%         5    #####..


Dungeon Overview and Level Annotations

Branches:
Dungeon (1/1)

Altars:
Cheibriados
Dithmenos
Elyvilon
Fedhas
Gozag
Hepliaklqana
Kikubaaqudgha
Makhleb
Nemelex Xobeh
Okawaru
Qazlal
Ru
Sif Muna
Trog
Uskayaw
Vehumet
Wu Jian
Xom
Yredelemnul
Zin
The Shining One
Beogh
Jiyva
Lugonu


Innate Abilities, Weirdness & Mutations

((You can walk through water.))
((Your dull iron-grey scales are very hard. (AC +12)))
You cannot fit into any form of body armour.
((You can survive without breathing.))
((You are cold-blooded and may be slowed by cold attacks.))


Message History

The acid corrodes the orc!
You kill the orc!
Sif Muna accepts your kill. The ettin hits you with a dire flail!!
The ettin closely misses you.
You nip at the ettin.
The ettin is lightly wounded.
You gouge the ettin!!
The ettin is heavily wounded.
The ettin barely misses you. The ettin hits you with a dire flail!!
You completely miss the ettin.
The ettin is heavily wounded.
You bite the ettin!
The ettin is severely wounded.
The ettin hits you with a dire flail!!
* * * LOW HITPOINT WARNING * * *
The ettin closely misses you.
You barely miss the ettin.
The ettin is severely wounded.
The ettin misses you. The ettin hits you with a dire flail!!
You die...

▓.▓†▓.▓_▓
▓.▓.▓.▓.▓_▓
▓$▓.▓.▓.▓_▓
▓.▓.▓.▓.▓_▓
▓o▓.▓.▓.▓_▓
▓o▓.▓.▓.▓'▓
▓o▓.▓)▓.▓.▓
▓C▓.▓.▓.▓.▓
▓D▓.▓(▓.▓.▓
▓.▓.▓.▓.▓.▓
▓.▓.▓.▓.▓.▓
▓.▓.▓.▓.▓'▓
▓.▓.▓.▓.▓.▓
▓.▓.▓.▓.▓.▓
▓.▓.▓'▓.▓.▓
▓.▓.▓.▓.▓.▓
▓.▓.▓.▓.▓.▓


You could see an ettin, an orc priest and 2 orcs.

Vanquished Creatures
  Erica (D)
  A gargoyle (D)
  2 spiny frogs (D)
  A kobold demonologist (D)
  A komodo dragon (D)
  6 polar bears (D)
  3 hippogriffs (D)
  A wyvern (D)
  A basilisk (D)
  A water moccasin (D)
  6 porcupines (D)
  An ice beast (D)
  A sky beast (D)
  2 black bears (D)
  An ogre (D)
  4 crocodiles (D)
  A bullfrog (D)
  2 crimson imps (D)
  A hound (D)
  2 jellies (D)
  An orc wizard (D)
  An adder (D)
  A shadow imp (D)
  A leopard gecko (D)
  2 orcs (D)
  A bat skeleton (D)
  A giant cockroach (D)
  A goblin (D)
  A bat (D)
  A frilled lizard (D)
  A jackal zombie (D)
  A rat (D)
52 creatures vanquished.

Notes
Turn   | Place    | Note
-------+----------+-------------------------------------------
     0 | D        | emperorscorpion the Draconian Transmuter began the quest for the Orb.
     0 | D        | Reached XP level 1. HP: 16/16 MP: 3/3
    64 | D        | Noticed a crimson imp
    64 | D        | Noticed a jelly
    64 | D        | Noticed a jelly
    67 | D        | Killed a jelly
    67 | D        | Reached skill level 5 in Unarmed Combat
    67 | D        | Reached XP level 2. HP: 23/23 MP: 3/6
    67 | D        | Reached XP level 3. HP: 28/28 MP: 3/7
    68 | D        | Reached skill level 6 in Unarmed Combat
    73 | D        | Reached skill level 7 in Unarmed Combat
    73 | D        | Reached XP level 4. HP: 35/35 MP: 3/10
    86 | D        | Found a roughly hewn altar of Beogh.
    86 | D        | Found a snail-covered altar of Cheibriados.
    86 | D        | Found a shadowy altar of Dithmenos.
    86 | D        | Found a white marble altar of Elyvilon.
    86 | D        | Found a blossoming altar of Fedhas.
    86 | D        | Found an opulent altar of Gozag.
    87 | D        | Found a hazy altar of Hepliaklqana.
    88 | D        | Found a viscous altar of Jiyva.
    89 | D        | Found an ancient bone altar of Kikubaaqudgha.
    90 | D        | Found a corrupted altar of Lugonu.
    91 | D        | Found a burning altar of Makhleb.
    92 | D        | Found a sparkling altar of Nemelex Xobeh.
    93 | D        | Found an iron altar of Okawaru.
    94 | D        | Found a stormy altar of Qazlal.
    95 | D        | Found a sacrificial altar of Ru.
    96 | D        | Found a deep blue altar of Sif Muna.
    97 | D        | Found a bloodstained altar of Trog.
    98 | D        | Found a hide-covered altar of Uskayaw.
    99 | D        | Found a radiant altar of Vehumet.
   100 | D        | Found an ornate altar of the Wu Jian Council.
   101 | D        | Found a shimmering altar of Xom.
   102 | D        | Found a basalt altar of Yredelemnul.
   103 | D        | Found a glowing silver altar of Zin.
   104 | D        | Became a worshipper of Sif Muna the Loreminder
   105 | D        | Found a glowing golden altar of the Shining One.
   141 | D        | Learned a level 2 spell: Sticks to Snakes
   145 | D        | Learned a level 3 spell: Spider Form
   150 | D        | Learned a level 4 spell: Ice Form
   151 | D        | Noticed an ice beast
   151 | D        | Noticed a hippogriff
   151 | D        | Noticed a sky beast
   156 | D        | Killed a sky beast
   156 | D        | Reached skill level 8 in Unarmed Combat
   156 | D        | Reached XP level 5. HP: 40/40 MP: 8/12
   159 | D        | Reached * piety under Sif Muna
   159 | D        | Reached skill level 9 in Unarmed Combat
   159 | D        | Reached skill level 5 in Spellcasting
   159 | D        | Reached skill level 5 in Transmutations
   167 | D        | Killed a hippogriff
   167 | D        | Reached skill level 5 in Dodging
   167 | D        | Reached skill level 10 in Unarmed Combat
   167 | D        | Reached skill level 1 in Poison Magic
   167 | D        | Reached XP level 6. HP: 27/47 MP: 10/14
   180 | D        | Killed an ice beast
   180 | D        | Reached ** piety under Sif Muna
   180 | D        | Reached skill level 11 in Unarmed Combat
   180 | D        | Your scales start taking on a dull iron-grey colour.
   180 | D        | Reached XP level 7. HP: 32/52 MP: 8/16
   180 | D        | Gained mutation: You can survive without breathing. [Grey Draconian growth]
   197 | D        | Learned a level 5 spell: Blade Hands
   295 | D        | Noticed a wyvern
   295 | D        | Noticed a kobold demonologist
   295 | D        | Noticed a gargoyle
   302 | D        | Killed a gargoyle
   302 | D        | Reached skill level 12 in Unarmed Combat
   306 | D        | Killed a kobold demonologist
   306 | D        | Reached XP level 8. HP: 48/61 MP: 12/18
   308 | D        | Reached skill level 13 in Unarmed Combat
   312 | D        | Reached *** piety under Sif Muna
   442 | D        | Found the +8 mithril axe "Arga" {speed, MR+}
   470 | D        | Noticed a spiny frog
   470 | D        | Noticed a spiny frog
   473 | D        | Killed a spiny frog
   479 | D        | Killed a spiny frog
   479 | D        | Reached skill level 14 in Unarmed Combat
   482 | D        | Reached skill level 1 in Ice Magic
   482 | D        | Reached XP level 9. HP: 42/68 MP: 5/20
   484 | D        | Reached **** piety under Sif Muna
   487 | D        | Reached skill level 1 in Stealth
   712 | D        | Noticed a komodo dragon
   720 | D        | Killed a komodo dragon
   720 | D        | Reached ***** piety under Sif Muna
   720 | D        | Reached skill level 15 in Unarmed Combat
   723 | D        | Identified Sif Muna's Volume of Shifting Companions (Sif Muna gifted it to you in the Dungeon)
   723 | D        | Received a gift from Sif Muna
   759 | D        | Learned a level 6 spell: Hydra Form
   781 | D        | Noticed a polar bear
   781 | D        | Noticed a polar bear
   781 | D        | Noticed a polar bear
   781 | D        | Noticed a polar bear
   783 | D        | Noticed a polar bear
   788 | D        | Killed a polar bear
   788 | D        | Reached XP level 10. HP: 77/77 MP: 16/22
   798 | D        | Reached skill level 16 in Unarmed Combat
   876 | D        | Noticed Erica
   892 | D        | Killed Erica
   978 | D        | Noticed an ettin
   982 | D        | Reached skill level 17 in Unarmed Combat
   988 | D        | Slain by an ettin

Vault maps used:
D:        linesprint

Skill      XL: |  1  2  3  4  5  6  7  8  9 10 |
---------------+-------------------------------+-----
Dodging        | 2 3 4 5 6 7 8 9 |  9.5
Unarmed Combat | 5 7 8 10 11 12 14 15 17 | 17.0
Spellcasting   | 3 4 5 6 7 8 9 |  9.4
Transmutations | 3 4 5 6 7 9 |  9.6
Poison Magic   | 1 2 3 |  3.8
Fighting       | 2 3 4 |  4.1
Ice Magic      | 1 2 |  2.4
Stealth        | 1 2 |  2.2

Action                   |  1- 3 |  4- 6 |  7- 9 | 10-12 || total
-------------------------+-------+-------+-------+-------++-------
Melee: Unarmed           |    23 |    35 |    64 |    47 ||   169
       Tailslap          |     3 |     1 |     6 |       ||    10
       Kick              |     1 |       |       |       ||     1
       Punch             |       |       |     3 |     1 ||     4
 Cast: Beastly Appendage |     3 |       |       |       ||     3
       Spider Form       |       |     2 |     1 |       ||     3
       Blade Hands       |       |       |     2 |     1 ||     3
       Ice Form          |       |       |     1 |       ||     1
       Hydra Form        |       |       |     1 |     2 ||     3
Evoke: Wand              |       |       |       |     1 ||     1
  Use: Potion            |     1 |       |       |       ||     1
  Eat: Chunk             |       |       |     1 |       ||     1
Armor: Skin              |     4 |     1 |     9 |    12 ||    26
Dodge: Dodged            |    13 |    36 |    43 |    33 ||   125

Table legend:
 A = Spawn XP
 B = Non-spawn XP
 C = Spawn XP percentage of total XP
 D = Spawn monster count
 E = Non-spawn monster count
 F = Spawn count percentage of total count
 G = Total turns spent on level
                    A         B        C        D         E        F      G
               +---------+---------+-------+---------+---------+-------+---------
         Total |       0 |    8289 |   0.0 |       0 |      52 |   0.0 |   988
               +---------+---------+-------+---------+---------+-------+---------
             D |       0 |    8289 |   0.0 |       0 |      52 |   0.0 |   988
               +---------+---------+-------+---------+---------+-------+---------
